 Dungeon Crawl Stone Soup version 0.25-a0-583-g696c2ac64d (webtiles) character file.

Game seed: 15598592953174424522, levelgen mode: deterministic

15705 Flugslaktarn the Cleaver (level 12, -4/114 HPs)
             Began as a Deep Dwarf Fighter on Mar 9, 2020.
             Was a Believer of Makhleb.
             Slain by Rupert
             ... wielding a +3 great mace of protection
              (28 damage)
             ... on level 12 of the Dungeon.
             The game lasted 00:05:40 (5677 turns).

Flugslaktarn the Cleaver (Deep Dwarf Fighter)       Turns: 5677, Time: 00:05:41

Health: -4/114     AC: 19    Str: 23    XL:     12   Next: 3%
Magic:  7/7        EV:  8    Int: 15    God:    Makhleb [**....]
Gold:   189        SH:  0    Dex: 12    Spells: 11/11 levels left

rFire    + . .     SeeInvis .   A - +6 battleaxe of Rimusten {pain, *Noise rC++ Int+4}
rCold    + + .     Gourm    .   (shield currently unavailable)
rNeg     . . .     Faith    .   m - +0 chain mail
rPois    .         Spirit   .   (no helmet)
rElec    .         Reflect  .   (no cloak)
rCorr    .         Harm     .   (no gloves)
MR       +....                  y - +2 pair of boots
Stlth    ..........             j - amulet of the acrobat
HPRegen  0.00/turn              f - ring of protection from fire
MPRegen  0.10/turn              p - +4 ring of protection

@: mighty, lethally poisoned (-4 -> -21), non-regenerating, slowed, very slow
A: damage resistance, heal wounds, sense surroundings 2, no regeneration
a: Heal Wounds, Minor Destruction, Renounce Religion


You were on level 12 of the Dungeon.
You worshipped Makhleb.
Makhleb was pleased with you.
You were not hungry.

You visited 2 branches of the dungeon, and saw 13 of its levels.
You also visited: Sewer.

You collected 430 gold pieces.
You spent 241 gold pieces at shops.

Inventory:

Hand Weapons
 a - a +0 war axe
 A - the +6 battleaxe of Rimusten (weapon) {pain, *Noise rC++ Int+4}
   (You bought it in a shop on level 5 of the Dungeon)

   In the hands of one skilled in necromantic magic, it inflicts extra damage on
   living creatures.
   It affects your intelligence (+4).
   It greatly protects you from cold.
   It may make noises in combat.
Armour
 c - a +0 kite shield
 m - a +0 chain mail (worn)
   (You found it on level 4 of the Dungeon)
 u - +0 swamp dragon scales
   (You took it off Maggie on level 8 of the Dungeon)
 y - a +2 pair of boots (worn)
   (You found it on level 7 of the Dungeon)
Jewellery
 f - a ring of protection from fire (left hand)
   (You found it on level 9 of the Dungeon)
 h - a +1 ring of protection
   (You found it on level 9 of the Dungeon)
 j - an amulet of the acrobat (around neck)
   (You found it on level 4 of the Dungeon)
 k - an uncursed ring of flight
   (You found it on level 9 of the Dungeon)
 p - a +4 ring of protection (right hand)
   (You found it on level 4 of the Dungeon)
Wands
 v - a wand of digging (4)
   (You found it on level 9 of the Dungeon)
 F - a wand of clouds (5)
   (You found it on level 8 of the Dungeon)
 I - a wand of iceblast (10)
   (You found it on level 8 of the Dungeon)
Scrolls
 i - a scroll of fog
 r - 2 scrolls of identify
 t - a scroll of teleportation
 x - a scroll of vulnerability
 B - a scroll of enchant armour
Potions
 b - 3 potions of stabbing
 l - 5 potions of flight
 n - a potion of magic
 o - 2 potions of brilliance
 q - 4 potions of curing
 s - 4 potions of ambrosia
 w - 3 potions of heal wounds
 z - a potion of lignification
 H - a potion of cancellation {unknown}
Comestibles
 e - 14 rations


   Skills:
 + Level 9.0 Fighting
 * Level 13.9 Axes
 + Level 10.6 Armour
 - Level 5.2 Shields
 + Level 7.8 Invocations


You had 11 spell levels left.
You didn't know any spells.
Your spell library was empty.

Dungeon Overview and Level Annotations

Branches:
Dungeon (13/15)            Temple (1/1) D:5            Lair (0/6) D:9
    Orc (0/2) D:12          Sewer (visited)
 Vaults: D:13-14

Altars:
Ashenzari
Cheibriados
Dithmenos
Elyvilon
Fedhas
Gozag
Hepliaklqana
Makhleb
Okawaru
Qazlal
Ru
Sif Muna
Trog
Uskayaw
Vehumet
Wu Jian
Xom
Yredelemnul
Zin
The Shining One

Shops:
D:5 (   D:8 *   D:9 (

Annotations:
D:8 1 runed translucent door, Gruesome's ghost, novice DrVM
D:10 4 runed translucent doors
D:12 Maurice; Rupert


Innate Abilities, Weirdness & Mutations

You are resistant to damage.
You can heal yourself by infusing magical energy.
You passively map the area around you.
You do not regenerate.


Message History

You slash the orc!
You kill the orc!
Makhleb accepts your kill.
You hit Rupert.
Your battleaxe of Rimusten starts to sob noisily.
You slash the wraith! You slash the earth elemental! You barely miss something.
Your battleaxe of Rimusten makes a tutting noise.
You feel very sick.
You hear a shout! x3
Rupert hits you with a +3 great mace of protection!!
* * * LOW HITPOINT WARNING * * *
The deep elf mage casts a spell.
The deep elf mage blinks!
The wraith barely misses you. Something hits you.
* * * LOW HITPOINT WARNING * * *
Something steals 1 of your 4 potions of heal wounds!
You are more poisoned.
The earth elemental hits you but does no damage.
The earth elemental barely misses you.
Rupert hits you with a +3 great mace of protection!!
You die...

, ,,, .%.... ,,..... ,
,, , ..........
....%.... , ,
,,..?..%.... ..........
, , ,
......%..##....%......
,.$........##..........
, ,
##.................... ,
#..............%......,
, * , ,,
.....(@))...)..........
* , ,
#...W@E........#..... *
*##..E.§.))#....#.....
,,,
....?......###....#....
,
,...##..e....##†........
, ..
##...(.)(.)c...%.... *
., *##.#######!........
,,, , **#.# , #........(
,, , , ,..#o,
,#......... , ...#. _
,#o........


You could see Rupert (berserk), 2 earth elementals, a deep elf mage and a
wraith.

Vanquished Creatures
  3 hydras
  3 two-headed ogres
  Urug (D:10)
  A cyclops (D:13)
  2 deep elf magi (D:13)
  Joseph (D:8)
  2 centaur zombies
  A gargoyle (D:13)
  Maggie (D:8)
  4 trolls
  3 hippogriffs (D:9)
  A hornet (D:12)
  2 yaks
  A wyvern (D:12)
  Eustachio (D:5)
  3 hogs (D:7)
  A hungry ghost (D:10)
  2 basilisks (D:9)
  A human (D:7)
  A water moccasin (D:8)
  2 orc warriors (D:9)
  A black bear (D:12)
  3 ice beasts
  4 sky beasts
  5 phantoms
  8 ogres
  6 centaurs
  Blork the orc (D:5)
  7 bullfrogs
  A wyvern skeleton (D:10)
  3 scorpions
  A water moccasin skeleton (D:8)
  6 killer bees (D:9)
  2 howler monkeys
  2 crimson imps (D:7)
  2 bullfrog zombies
  3 hounds
  10 orc wizards
  3 orc priests
  2 bullfrog skeletons
  A jelly (D:10)
  3 centaur skeletons
  An iguana (D:8)
  3 worker ants
  A hound zombie (D:8)
  A howler monkey skeleton (D:10)
  12 adders
  7 river rats
  An ooze (Sewer)
  An adder skeleton (D:7)
  A dart slug (D:4)
  5 worms
  A leopard gecko (D:7)
  38 orcs
  5 ball pythons
  A bat (D:3)
  5 giant cockroaches
  3 hobgoblins (D:2)
  3 jackals (D:5)
  3 quokkas
  4 frilled lizards
  2 goblins (D:3)
  21 kobolds
  20 rats
250 creatures vanquished.

Vanquished Creatures (others)
  A vampire (D:13)
  An orc wizard (D:7)
2 creatures vanquished.

Grand Total: 252 creatures vanquished

Notes
Turn   | Place    | Note
-------+----------+-------------------------------------------
     0 | D:1      | Flugslaktarn the Deep Dwarf Fighter began the quest for the
                  | Orb.
     0 | D:1      | Reached XP level 1. HP: 20/20 MP: 1/1
    77 | D:2      | Reached XP level 2. HP: 22/27 MP: 2/2
   158 | D:3      | Reached skill level 3 in Axes
   158 | D:3      | Reached XP level 3. HP: 33/33 MP: 2/2
   233 | D:4      | Noticed a scorpion
   244 | D:4      | Killed a scorpion
   244 | D:4      | Reached XP level 4. HP: 21/42 MP: 3/3
   295 | D:4      | Reached skill level 4 in Axes
   295 | D:4      | Reached XP level 5. HP: 45/49 MP: 4/4
   383 | D:5      | Entered Level 5 of the Dungeon
   589 | D:4      | Found a glowing drain.
   595 | D:4      | Reached XP level 6. HP: 36/56 MP: 5/5
   610 | Sewer    | Entered a sewer
   805 | Sewer    | Reached skill level 5 in Axes
  1463 | D:5      | Noticed an ice beast
  1469 | D:5      | Killed an ice beast
  1469 | D:5      | Reached XP level 7. HP: 47/64 MP: 5/5
  1500 | D:5      | Found a staircase to the Ecumenical Temple.
  1507 | D:5      | Noticed Eustachio
  1537 | D:5      | Killed Eustachio
  1537 | D:5      | Reached skill level 6 in Axes
  1537 | D:5      | Reached skill level 5 in Armour
  1537 | D:5      | Reached skill level 5 in Shields
  1554 | Temple   | Entered the Ecumenical Temple
  1942 | D:5      | Noticed Blork the orc
  1943 | D:5      | Found Raama's Antique Weapon Shop.
  1984 | D:5      | Killed Blork the orc
  2530 | D:6      | Reached skill level 7 in Axes
  2530 | D:6      | Reached XP level 8. HP: 58/73 MP: 6/6
  2677 | D:6      | Reached skill level 5 in Fighting
  3136 | D:7      | Reached skill level 8 in Axes
  3149 | D:7      | Found an opulent altar of Gozag.
  3271 | D:5      | Bought an ancient battleaxe for 241 gold pieces
  3276 | D:5      | Identified the +6 battleaxe of Rimusten {pain, *Noise rC++
                  | Int+4} (You bought it in a shop on level 5 of the Dungeon)
  3356 | D:7      | HP: 2/75 [ogre/+0 giant spiked club (25)]
  3369 | D:7      | Gained mutation: You passively map the area around you.
                  | [Deep Dwarf growth]
  3369 | D:7      | Reached XP level 9. HP: 31/82 MP: 5/5
  3382 | D:7      | Reached skill level 9 in Axes
  3512 | D:7      | Found a burning altar of Makhleb.
  3512 | D:7      | Found a sacrificial altar of Ru.
  3659 | D:7      | Reached skill level 10 in Axes
  3701 | D:8      | Noticed Maggie
  3711 | D:8      | Noticed Joseph
  3712 | D:8      | HP: 3/85 [Maggie/+0 glaive (10)]
  3730 | D:8      | Killed Joseph
  3737 | D:8      | Killed Maggie
  3737 | D:8      | Reached XP level 10. HP: 42/92 MP: 3/3
  3886 | D:8      | Reached skill level 11 in Axes
  3907 | D:8      | Found a runed translucent door.
  3921 | D:7      | Found an ornate altar of the Wu Jian Council.
  3921 | D:7      | Found a white marble altar of Elyvilon.
  3921 | D:7      | Found a shattered altar of Ashenzari.
  3932 | D:7      | Became a worshipper of Makhleb the Destroyer
  3948 | D:8      | Noticed Gruesome's ghost (novice DrVM)
  4085 | D:8      | Found Oloyz's Serpentskin Sales.
  4243 | D:9      | Reached skill level 1 in Invocations
  4291 | D:9      | Found a shimmering blue altar of Sif Muna.
  4430 | D:9      | Found Xumevod's Antique Weapon Emporium.
  4536 | D:9      | Found a staircase to the Lair.
  4821 | D:9      | Noticed a two-headed ogre
  4841 | D:9      | Killed a two-headed ogre
  4841 | D:9      | Reached * piety under Makhleb
  4841 | D:9      | Reached skill level 12 in Axes
  5046 | D:10     | Entered Level 10 of the Dungeon
  5122 | D:10     | Found a large runed translucent door.
  5122 | D:10     | Found a large runed translucent door.
  5190 | D:10     | Found a large runed translucent door.
  5190 | D:10     | Found a large runed translucent door.
  5199 | D:10     | Noticed Urug
  5204 | D:10     | Noticed an eight-headed hydra
  5213 | D:10     | Killed an eight-headed hydra
  5213 | D:10     | Reached skill level 5 in Invocations
  5213 | D:10     | Reached XP level 11. HP: 33/103 MP: 6/6
  5218 | D:10     | Killed Urug
  5319 | D:10     | You fall into a shaft and drop 3 floors!
  5337 | D:13     | Noticed a two-headed ogre
  5343 | D:13     | Killed a two-headed ogre
  5364 | D:13     | Noticed a deep elf mage
  5369 | D:13     | Noticed a soul eater
  5371 | D:13     | Killed a deep elf mage
  5381 | D:13     | Reached skill level 13 in Axes
  5423 | D:13     | Noticed a deep elf mage
  5431 | D:13     | Reached skill level 10 in Armour
  5458 | D:13     | Killed a deep elf mage
  5607 | D:12     | Found a staircase to the Orcish Mines.
  5607 | D:12     | Noticed a six-headed hydra
  5607 | D:12     | Noticed a deep elf mage
  5618 | D:12     | Noticed a six-headed hydra
  5636 | D:12     | Noticed a two-headed ogre
  5641 | D:12     | Killed an eight-headed hydra
  5641 | D:12     | Reached ** piety under Makhleb
  5641 | D:12     | Killed a six-headed hydra
  5653 | D:12     | Killed a two-headed ogre
  5656 | D:12     | Noticed Maurice
  5662 | D:12     | Noticed Rupert
  5673 | D:12     | Reached XP level 12. HP: 83/114 MP: 7/7
  5677 | D:12     | Slain by Rupert

Levels and vault maps discovered:
D:1:      lightli_arrival_isolated_outpost, layout_basic
D:2:      layout_basic, grunt_temple_overflow_open, minivault_14
D:3:      layout_rooms
D:4:      layout_loops_cross, portal_sewer_entry_e, first_ration
D:5:      layout_basic, minmay_temple_entry_slanted, serial_shops, shop,
          uniq_eustachio, uniq_blork_the_orc
D:6:      layout_loops_corners, minivault_10
D:7:      layout_cave_pools, grunt_gozag_breadcrumbs,
          nicolae_overflow_hidden_temple, grunt_livestock
D:8:      layout_gridville, ebering_ghost_inner_flame, guppyfry_shop_venom,
          uniq_maggie, uniq_joseph
D:9:      layout_grid_maze, david_lair_generic, serial_shops,
          nicolae_shop_crystal, led_sif_pool
D:10:     layout_long_grid, minmay_hollow_rounded_squares, uniq_psyche,
          uniq_urug
D:12:     layout_cave_pools, minmay_orc_entry_temple_small, basic_altar,
          kb_rosetta, uniq_maurice, uniq_rupert
D:13:     layout_basic, serial_corexii_hall, corexii_hall_statues_x,
          chequers_hall_statues_corner_a, serial_shops, shop, uniq_kirke,
          uniq_jorgrun
Temple:   nicolae_temple_figure_eight

Skill      XL: |  1  2  3  4  5  6  7  8  9 10 11 |
---------------+----------------------------------+-----
Axes           | 3 4 5 7 8 10 12 13 | 13.9
Fighting       | 3 4 5 6 8 9 |  9.0
Armour         | 4 5 6 8 9 10 | 10.6
Shields        | 4 5 |  5.2
Invocations    | 5 7 |  7.8

Action                   |  1- 3 |  4- 6 |  7- 9 | 10-12 || total
-------------------------+-------+-------+-------+-------++-------
Melee: War axe           |    97 |   187 |   196 |       ||   480
       Unarmed           |       |       |     5 |       ||     5
       Battleaxe         |       |       |    94 |   231 ||   325
 Abil: Heal Wounds       |     1 |     3 |    21 |    32 ||    57
Evoke: Wand              |       |       |       |     2 ||     2
  Use: Potion            |       |       |     1 |     4 ||     5
       Scroll            |       |       |       |    18 ||    18
  Eat: Chunk             |       |     3 |     7 |     8 ||    18
Armor: Scale mail        |    32 |     5 |       |       ||    37
       Chain mail        |       |    86 |   204 |   346 ||   636
Dodge: Dodged            |    27 |    46 |   123 |   203 ||   399
Block: Kite shield       |    45 |    99 |   108 |       ||   252
       Buckler           |       |    16 |       |       ||    16

Table legend:
 A = Non-vault XP
 B = Vault XP
 C = Vault XP percentage of total XP
 D = Non-vault monster count
 E = Vault monster count
 F = Vault count percentage of total count
                 A         B        C        D         E       F
            +---------+---------+-------+---------+---------+-------
      Total |   16553 |    5884 |  26.2 |     167 |      85 |  33.7
            +---------+---------+-------+---------+---------+-------
        D:1 |       3 |       0 |   0.0 |       2 |       0 |   0.0
        D:2 |      17 |       0 |   0.0 |       9 |       0 |   0.0
        D:3 |      26 |       0 |   0.0 |       7 |       0 |   0.0
        D:4 |     364 |      40 |   9.9 |      21 |       8 |  27.6
        D:5 |     246 |     293 |  54.4 |       8 |       2 |  20.0
        D:6 |     838 |       0 |   0.0 |      18 |       0 |   0.0
        D:7 |    1115 |     983 |  46.9 |      24 |       5 |  17.2
        D:8 |     820 |    1021 |  55.5 |      15 |       4 |  21.1
        D:9 |    2715 |     828 |  23.4 |      26 |       4 |  13.3
       D:10 |    1992 |    1295 |  39.4 |       7 |       7 |  50.0
       D:12 |    4385 |    1270 |  22.5 |      16 |       7 |  30.4
       D:13 |    4032 |       0 |   0.0 |      14 |       0 |   0.0
      Sewer |       0 |     154 | 100.0 |       0 |      48 | 100.0
            +---------+---------+-------+---------+---------+-------
